 Dungeon Crawl Stone Soup version 0.27.1-2-g3b301248ec (webtiles) character file.

Game seed: 8067067245307078531

111 Borgoz the Cudgeller (level 4, 0/28 HPs)
             Began as a Gargoyle Gladiator on Sept 28, 2021.
             Slain by Sigmund (4 damage)
             ... on level 3 of the Dungeon.
             The game lasted 00:02:43 (2343 turns).

Borgoz the Cudgeller (Gargoyle Gladiator)           Turns: 2343, Time: 00:02:44

Health: 0/28       AC: 10    Str: 17 (19) XL:     4   Next: 92%
Magic:  4/4        EV: 10    Int:  5 (8)  God:
Gold:   87         SH:  0    Dex:  8 (11) Spells: 3/3 levels left

rFire    . . .     SeeInvis .   a - +0 flail
rCold    . . .     Faith    .   (no shield)
rNeg     + . .     Spirit   .   k - +0 scale mail
rPois    ∞         Reflect  .   e - +0 helmet
rElec    +         Harm     .   (no cloak)
rCorr    .         Rampage  .   (no gloves)
Will     .....                  (no boots)
Stlth    ..........             (no amulet)
HPRegen  0.09/turn              (no ring)
MPRegen  0.09/turn              (no ring)

@: no status effects
A: sickness immunity, AC +3, negative energy resistance 1, electricity
resistance, torment resistance 1, petrification resistance
a: no special abilities


You were on level 3 of the Dungeon.
You visited 1 branch of the dungeon, and saw 3 of its levels.

You collected 87 gold pieces.

Inventory:

Hand Weapons
 a - a +0 flail (weapon)
Missiles
 d - 2 throwing nets (quivered)
Armour
 e - a +0 helmet (worn)
 k - a +0 scale mail (worn)
Scrolls
 f - 2 scrolls of teleportation {unknown}
 i - a scroll of enchant armour {unknown}
Potions
 b - a potion of degeneration
 c - a potion of mutation


   Skills:
 + Level 3.2 Fighting
 + Level 3.7 Maces & Flails
 + Level 2.6 Throwing
 + Level 3.0 Dodging


You had 3 spell levels left.
You didn't know any spells.
Your spell library contained the following spells:

 Spells                   Type           Power      Damage    Failure   Level
 Ignite Poison            Fire/Tmut/Pois 0%         N/A       99%         3
 Mephitic Cloud           Conj/Pois/Air  0%         N/A       99%         3
 Bolt of Magma            Conj/Fire/Erth 0%         4d4       100%        5


Dungeon Overview and Level Annotations

Branches:
Dungeon (3/15)

Altars:

Shops:
D:1 ?

Annotations:
D:3 Sigmund


Innate Abilities, Weirdness & Mutations

You are immune to sickness and miasma.
Your stone body is resilient. (AC +3)
You are immune to poison.
You resist negative energy. (rN+)
You are resistant to electric shocks. (rElec)
You are resistant to unholy torment.
You are immune to petrification.


Message History

Found 28 arrows.
f - 2 scrolls labelled VAFIOM CEFU (gained 1)
Found a chain mail.
Found 15 sling bullets and a war axe.
Found a pink potion.
g - a potion of curing Sigmund the Dreaded comes into view.
He is wielding a +2 scythe of flaming.
Sigmund shouts!
You see here a pink potion.
Sigmund screams, "Only death can liberate you!"
Sigmund casts a spell at you.
You are confused.
You are too confused!
You are too confused!
You are too confused!
You are too confused!
Sigmund barely misses you.
You feel a little less mighty now.
You bump into the metal wall.
Sigmund hits you with a +2 scythe of flaming.
Sigmund burns you.
You feel better.
Sigmund hits you with a +2 scythe of flaming.
Sigmund burns you.
You barely miss Sigmund. You closely miss Sigmund. Sigmund barely misses you.
You sock Sigmund!
Sigmund is moderately wounded.
Sigmund hits you with a +2 scythe of flaming!
* * * LOW HITPOINT WARNING * * *
Sigmund burns you.
* * * LOW HITPOINT WARNING * * *
You closely miss Sigmund.
Sigmund is moderately wounded.
Sigmund smiles chillingly.
Sigmund hits you but does no damage.
You thump Sigmund!
Sigmund is heavily wounded.
Sigmund hits you with a +2 scythe of flaming.
You die...

.. .. # #.. ### . #
#. #.#.#[#.#.# ...
###...#.#.. ### #
.... ..###...###..
...
.....#.#(#.#.#.#.#..#
#...(..##.#.#.##..@.#
##..###..#.#.#.@### #
#(..#.#.#.#.@!#
###..#.#.#..### #
#....##.#.#.##....#
....#.#$#.#.#)#.#..#
#.. ..###..)###.)..#
# ###...#.#...### #
#.#.#.#.#.# .#
#...###...##..#
.............#


You could see Sigmund.

Vanquished Creatures
  Robin (D:3)
  4 adders (D:3)
  A worm (D:2)
  2 dart slugs (D:1)
  2 orcs (D:3)
  4 ball pythons
  4 endoplasms
  A giant cockroach (D:2)
  15 goblins
  4 hobgoblins
  3 jackals (D:3)
  3 bats
  A frilled lizard (D:3)
  5 kobolds
  A rat (D:1)
51 creatures vanquished.

Notes
Turn   | Place    | Note
-------+----------+-------------------------------------------
     0 | D:1      | Borgoz the Gargoyle Gladiator began the quest for the Orb.
     0 | D:1      | Reached XP level 1. HP: 12/12 MP: 1/1
   146 | D:1      | Reached XP level 2. HP: 18/18 MP: 2/2
   598 | D:1      | Found Eliskeu's Magic Scroll Shop.
  1023 | D:2      | Reached XP level 3. HP: 15/22 MP: 3/3
  2029 | D:3      | Noticed Robin
  2079 | D:3      | Reached XP level 4. HP: 20/27 MP: 4/4
  2090 | D:3      | Killed Robin
  2330 | D:3      | Noticed Sigmund
  2343 | D:3      | Slain by Sigmund

Illustrated notes

Levels and vault maps discovered:
D:1:      dpeg_arrival_lava_temple_mockup, layout_loops_ring, serial_shops,
          nicolae_shop_statue_plus, chequers_serial_rivers_micro_b,
          minmay_misc_feat_cross
D:2:      layout_loops_corners
D:3:      layout_loops_corners, nicolae_qazlal_eye_of_the_storm,
          gup_sewer_entry_glass, roderic_st_hans_cross, grunt_ministairs_3,
          minmay_strange_pillars, fountainhead, minmay_hedge_maze,
          minmay_starry_boxes, uniq_crazy_yiuf_cottage, uniq_robin,
          uniq_sigmund, uniq_purgy

Skill      XL: |  1  2  3  4 |
---------------+-------------+-----
Throwing       | 2 |  2.6
Fighting       | 3 |  3.2
Dodging        | 3 |  3.0
Maces & Flails | |  3.7

Action                   |  1- 3 |  4- 6 || total
-------------------------+-------+-------++-------
Melee: Flail             |   122 |    78 ||   200
Throw: Throwing net      |     1 |     2 ||     3
  Use: Potion            |     2 |     5 ||     7
       Scroll            |       |     3 ||     3
 Stab: Sleeping          |     1 |       ||     1
       Held in net/web   |       |     1 ||     1
Armor: Leather armour    |    33 |       ||    33
       Scale mail        |    56 |    36 ||    92
Dodge: Dodged            |   107 |    49 ||   156
